 Dungeon Crawl Stone Soup version 0.20-a0-1040-gfd09691 (webtiles) character file.

56 Jarno the Chopper (level 3, -1/26 HPs)
             Began as a Demonspawn Wanderer on Apr 23, 2017.
             Slain by a gnoll
             ... wielding a +0 whip
              (5 damage)
             ... on level 3 of the Dungeon.
             The game lasted 00:02:13 (1531 turns).

Jarno the Chopper (Demonspawn Wanderer)             Turns: 1531, Time: 00:02:13

Health: -1/26      AC:  8    Str: 11    XL:     3   Next: 71%
Magic:  3/3        EV:  5    Int: 15    God:
Gold:   134        SH:  0    Dex: 12    Spells: 2/2 levels left

rFire    . . .     SeeInvis .   a - +3 hand axe
rCold    . . .     Gourm    .   (no shield)
rNeg     . . .     Faith    +   b - +1 ring mail
rPois    .         Spirit   .   (no helmet)
rElec    .         Reflect  .   (no cloak)
rCorr    .         Harm     .   (no gloves)
MR       .....                  (no boots)
Stlth    +.........             g - amulet of faith
Regen    0.1/turn               f - -5 ring of evasion (curse)
MPRegen  0.1/turn               (no ring)

@: no status effects
A: iridescent scales 1
a: no special abilities


You were on level 3 of the Dungeon.
You were not hungry.

You visited 1 branch of the dungeon, and saw 3 of its levels.

You collected 134 gold pieces.

Inventory:

Hand Weapons
 a - a +3 hand axe (weapon)
Armour
 b - a +1 ring mail (worn)
Jewellery
 f - a cursed -5 ring of evasion (left hand)
 g - an amulet of faith (around neck)
Scrolls
 c - a scroll of teleportation
 i - a scroll of random uselessness {unknown}
 k - a scroll of amnesia
Potions
 e - a potion of magic {unknown}
 j - a potion of mutation {unknown}
 n - a potion of haste {unknown}
 o - a potion of heal wounds {unknown}
 p - a potion of invisibility
 q - a potion of might {unknown}
Comestibles
 d - a bread ration
 h - 2 meat rations
 l - a royal jelly
 m - 2 chunks of flesh


   Skills:
 + Level 1.3 Fighting
 + Level 3.9 Axes
 - Level 1.0 Throwing
 - Level 3.6 Armour
 + Level 0.6 Dodging
 + Level 0.4 Stealth
   Level 1.0 Shields


You had 2 spell levels left.
You didn't know any spells.

Dungeon Overview and Level Annotations

Branches:
Dungeon (3/15)

Altars:
Zin


Innate Abilities, Weirdness & Mutations

You are partially covered in iridescent scales. (AC +2)


Message History

You barely miss the gnoll. The gnoll hits you!
You hit the gnoll but do no damage. The gnoll hits you but does no damage.
The gnoll drinks a potion.
The gnoll flickers and vanishes!
Deactivating autopickup; reactivate with Ctrl-A.
You hit the gnoll.
The gnoll is moderately wounded.
The gnoll hits you but does no damage.
You hit the gnoll.
The gnoll is heavily wounded.
The gnoll hits you.
You hit the gnoll.
The gnoll is severely wounded.
The gnoll hits you but does no damage.
You hit the gnoll.
You kill the gnoll!
You hit something. Something hits you!
* * * LOW HITPOINT WARNING * * *
You barely miss something. Something hits you but does no damage.
You miss something. Something hits you.
You die...

#+# #@# # #†#
.# ##g##.# S≈
##.....####
#.......... .
##...##...#
P.♣
#......###
....##.....##
............#


You could see a goblin.

Vanquished Creatures
  2 gnolls
  3 bats
  7 goblins
  2 hobgoblins
  11 jackals
  2 frilled lizards (D:1)
  4 kobolds
  2 rats (D:1)
33 creatures vanquished.

Notes
Turn   | Place    | Note
-------+----------+-------------------------------------------
     0 | D:1      | Jarno the Demonspawn Wanderer began the quest for the Orb.
     0 | D:1      | Jarno set off with: a +2 hand axe, a +0 ring mail, a scroll of teleportation, a bread ration
     0 | D:1      | Reached XP level 1. HP: 15/15 MP: 1/1
   306 | D:1      | Gained mutation: You are partially covered in iridescent scales. (AC +2) [demonic ancestry]
   306 | D:1      | Reached XP level 2. HP: 21/21 MP: 2/2
   658 | D:2      | Found a glowing silver altar of Zin.
   874 | D:2      | Reached XP level 3. HP: 25/26 MP: 3/3
  1531 | D:3      | Slain by a gnoll

Vault maps used:
D:1:      grunt_arrival_lava_bath
D:2:      overflow_temple_1_default
D:3:      serial_forest, infiniplex_forest_lined_room_,
          infiniplex_forest_corner_1, infiniplex_forest_lined_room_2,
          infiniplex_forest_lined_2, infiniplex_forest_zigzag_1,
          portal_sewer_entry_c

Skill      XL: |  1 |
---------------+----+-----
Axes           | 3 |  3.9
Fighting       | |  1.3
Throwing       | |  1.0
Armour         | |  3.6
Dodging        | |  0.6
Stealth        | |  0.4
Shields        | |  1.0

Action                   || total
-------------------------++-------
Melee: Hand axe          ||    93
  Use: Scroll            ||     5
  Eat: Chunk             ||     2
Armor: Ring mail         ||    73
Dodge: Dodged            ||    26
